 Crawl Stoat Soup version 0.23-ish-327-92-g4e138c7aa0 (console) character file.

193 ceb the Grave Robber (level 5, -1/31 HPs)
             Began as a Faerie Dragon Necromancer on Apr 5, 2024.
             Slain by an ogre
             ... wielding a +0 giant club
              (16 damage)
             ... on level 3 of the Dungeon.
             The game lasted 00:03:32 (2289 turns).

ceb the Grave Robber (Faerie Dragon Necromancer)    Turns: 2289, Time: 00:03:32

Health: -1/31      AC:  6    Str:  6    XL:     5   Next: 72%
Magic:  8/8 (11)   EV: 15    Int: 20    God:
Gold:   174        SH:  6    Dex: 12    Spells: 0/12 levels left

rFire    . . .     SeeInvis .   a - +0 short sword
rCold    . . .     Gourm    .   (shield restricted)
rNeg     . . .     Faith    .   (armour unavailable)
rPois    .         Spirit   .   (helmet restricted)
rElec    .         Warding  .   h - scarf {RMsl}
rCorr    .         Reflect  .   (no gloves)
MR       .....     Harm     .   (no boots)
Stlth    +.........             (no amulet)
HPRegen  1.10/turn              (no ring)
MPRegen  0.12/turn              (no ring)

@: flying, regenerating, repel missiles, 3 MP reserved for charms, 0.09 MP regen
used to sustain charms
A: small, sparkly, unfitting armour, magic attunement, magical scales, able to
fly
a: Stop Flying, End Permanent Enchantments


You were on level 3 of the Dungeon.
You were not hungry.

You visited 1 branch of the dungeon, and saw 3 of its levels.

You collected 174 gold pieces.

Inventory:

Hand Weapons
 a - a +0 short sword (weapon)
Armour
 h - a scarf of repulsion (worn)
Jewellery
 g - an uncursed ring of resist corrosion {unknown}
Scrolls
 f - a scroll of noise {unknown}
 l - 2 scrolls of remove curse {unknown}
 m - a scroll of enchant armour {unknown}
 o - a scroll of fog {unknown}
Potions
 b - 2 potions of heal wounds {unknown}
 d - 2 potions of degeneration {unknown}
 e - a potion of berserk rage {unknown}
 i - a potion of might {unknown}
 j - a potion of haste {unknown}
 k - 2 potions of flight {unknown}
 q - a potion of ambrosia {unknown}
Comestibles
 c - 4 bread rations
 n - a meat ration
 p - 2 chunks of flesh


   Skills:
 + Level 4.0 Dodging
 - Level 1.2 Stealth
 + Level 4.2 Spellcasting
 + Level 6.1 Necromancy


You couldn't memorise any spells.
You knew the following spells:

 Your Spells              Type           Power        Failure   Level  Hunger
a - Necrotise             Necr           25/25        1%          1    None
b - Animate Dead          Necr           N/A          10%         4    None
c - Vampiric Draining     Necr           28/200       3%          3    None
d - Regeneration          Chrm/Necr      16/200       34%         4    None

Your spell library contained the following spells:

 Spells                   Type           Power        Failure   Level  Hunger


Dungeon Overview and Level Annotations

Branches:
Dungeon (3/15)

Altars:
Wu Jian


Innate Abilities, Weirdness & Mutations

Your sparkly wings attract attention (Stealth-).
You are small and have problems with some larger weapons.
You cannot fit into any form of body armour.
Your spells do not cause hunger; their MP costs are reduced by 1.
Your shimmering scales repel attacks (AC +6, SH +6).
You can fly continuously.


Message History

Confirm with . or Enter, or press ? or * to list all spells.
Aiming: Vampiric Draining (safe; 3% risk of failure)
Press: ? - help, Shift-Dir - straight line, f/p - ogre
Aim: an ogre, wielding a giant club (severely wounded)
Your health is already full.
Casting: Vampiric Draining (safe; 3% risk of failure)
Confirm with . or Enter, or press ? or * to list all spells.
Aiming: Necrotise (safe; 1% risk of failure)
Press: ? - help, Shift-Dir - straight line, f/p - ogre
Aim: an ogre, wielding a giant club (severely wounded, chance to defeat MR: 84%)
The ogre writhes in agony.
The ogre hits you with a giant club!
Ouch! That really hurt!
Casting: Necrotise (safe; 1% risk of failure)
Confirm with . or Enter, or press ? or * to list all spells.
Aiming: Necrotise (safe; 1% risk of failure)
Press: ? - help, Shift-Dir - straight line, f/p - ogre
Aim: an ogre, wielding a giant club (almost dead, chance to defeat MR: 84%)
The ogre barely resists.
The ogre hits you with a giant club!
Ouch! That really hurt!
You die...

##ZZ.#
#@###
#O#
#J#
#.#
#.#
#.#
...
..#


You could see an ogre, an ooze and 2 friendly bat skeletons.

Vanquished Creatures
  A howler monkey (D:3)
  A hound (D:3)
  An orc wizard (D:3)
  4 adders (D:2)
  2 worms (D:2)
  2 dart slugs (D:1)
  A leopard gecko (D:1)
  4 orcs (D:3)
  A giant cockroach (D:2)
  6 hobgoblins
  2 jackals (D:2)
  7 kobolds
  A ball python (D:3)
  4 bats
  7 frilled lizards
  4 goblins
  5 rats
53 creatures vanquished.

Vanquished Creatures (collateral kills)
  A frilled lizard (D:3)
  A kobold (D:3)
2 creatures vanquished.

Grand Total: 55 creatures vanquished

Notes
Turn   | Place    | Note
-------+----------+-------------------------------------------
     0 | D:1      | ceb the Faerie Dragon Necromancer began the quest for the
                  | Orb.
     0 | D:1      | Reached XP level 1. HP: 11/11 MP: 3/3
    74 | D:1      | Reached skill level 5 in Necromancy
    74 | D:1      | Reached XP level 2. HP: 17/17 MP: 5/5
   769 | D:2      | Reached XP level 3. HP: 21/21 MP: 7/7
   905 | D:2      | Reached XP level 4. HP: 27/27 MP: 9/9
  1420 | D:2      | Found an ornate altar of the Wu Jian Council.
  1530 | D:3      | Reached XP level 5. HP: 13/31 MP: 10/10
  1806 | D:3      | Learned a level 4 spell: Animate Dead
  1810 | D:3      | Learned a level 3 spell: Vampiric Draining
  2071 | D:3      | Reached skill level 6 in Necromancy
  2249 | D:3      | Learned a level 4 spell: Regeneration
  2280 | D:3      | Noticed an ogre
  2289 | D:3      | Slain by an ogre

Vault maps used:
D:1:      mrwooster_arrival_statue_2
D:2:      marbit_many_paths, st_stairs_12
D:3:      cheibrodos_gnoll_hut

Skill      XL: |  1  2  3  4  5 |
---------------+----------------+-----
Necromancy     | 5 6 |  6.1
Spellcasting   | 3 4 |  4.2
Dodging        | 3 4 |  4.0
Stealth        | |  1.2

Action                   |  1- 3 |  4- 6 || total
-------------------------+-------+-------++-------
 Cast: Necrotise         |    54 |    61 ||   115
       * Regeneration    |       |     2 ||     2
  Eat: Chunk             |       |     4 ||     4
Armor: Skin              |     2 |     2 ||     4
Dodge: Dodged            |    11 |    15 ||    26
Block: Other             |     7 |     6 ||    13
* Casting counts for permanent charms are approximate representations of how often the player would have had to cast a non-permanent spell for the same benefits.

Table legend:
 A = Spawn XP
 B = Non-spawn XP
 C = Spawn XP percentage of total XP
 D = Spawn monster count
 E = Non-spawn monster count
 F = Spawn count percentage of total count
 G = Total turns spent on level
                    A         B        C        D         E        F      G
               +---------+---------+-------+---------+---------+-------+---------
         Total |      21 |     256 |   7.6 |       5 |      50 |   9.1 |  2289
               +---------+---------+-------+---------+---------+-------+---------
           D:1 |       2 |      29 |   6.5 |       2 |      16 |  11.1 |   762
           D:2 |      19 |      68 |  21.8 |       3 |      18 |  14.3 |   716
           D:3 |       0 |     159 |   0.0 |       0 |      16 |   0.0 |   811
               +---------+---------+-------+---------+---------+-------+---------
